 Dungeon Crawl Stone Soup version 0.18-a0-888-gdb73dea (webtiles) character file.

100 Duffy the Insei (level 4, -7/28 HPs)
             Began as a Tengu Monk on Dec 23, 2015.
             Killed from afar by an orc wizard (13 damage)
             ... with a puff of flame
             ... on level 3 of the Dungeon.
             The game lasted 00:01:37 (2877 turns).

Duffy the Insei (Tengu Monk)                        Turns: 2877, Time: 00:01:37

Health: -7/28      AC:  4    Str: 12    XL:     4   Next: 73%
Magic:  5/5        EV: 13    Int: 10    God:
Gold:   168        SH:  0    Dex: 17    Spells: 0 memorised, 3 levels left

rFire  . . .     SeeInvis .       - Unarmed
rCold  . . .     Gourm    .     d - +0 leather armour
rNeg   . . .     Faith    .     (no shield)
rPois  .         Spirit   .     (helmet restricted)
rElec  .         Dismiss  .     e - +0 cloak (curse)
rCorr  .         Reflect  .     (no gloves)
SustAt .         Harm     .     (boots unavailable)
MR     .....                    (no amulet)
Stlth  ++........               (no ring)
                                (no ring)

@: not resistant to hostile enchantments, unstealthy
A: beak, talons 3
a: no special abilities


You were on level 3 of the Dungeon.
You were not hungry.

You visited 1 branch of the dungeon, and saw 3 of its levels.

You collected 168 gold pieces.


Innate Abilities, Weirdness & Mutations

You have a beak for a mouth.
You have claws for feet.


   Skills:
 - Level 3.0 Fighting
 - Level 3.2 Dodging
 - Level 2.0 Stealth
 + Level 6.5 Unarmed Combat


You had 3 spell levels left.
You didn't know any spells.

Inventory:

Missiles
 i - a throwing net (quivered)
Armour
 d - a +0 leather armour (worn)
 e - a cursed +0 cloak (worn)
Scrolls
 f - a scroll of enchant weapon {unknown}
 g - a scroll of remove curse {unknown}
 j - 2 scrolls of identify {unknown}
 k - 2 scrolls of fear {unknown}
 n - 2 scrolls of recharging {unknown}
Potions
 a - 2 potions of cancellation {unknown}
 c - a potion of resistance {unknown}
 l - a potion of haste {unknown}
 m - 2 potions of lignification {unknown}
 o - a potion of flight {unknown}
 p - a potion of agility {unknown}
 r - a potion of poison {unknown}
Comestibles
 b - 3 bread rations
 h - a meat ration

Dungeon Overview and Level Annotations

Branches:
Dungeon (3/15)

Altars:


Message History

The orc wizard is lightly wounded.
The orc hits you with a hand axe.
You barely miss the orc wizard. Your peck misses the orc wizard.
The orc wizard is lightly wounded.
The orc hits you with a hand axe. The orc closely misses you.
You hit the orc wizard.
The orc wizard is lightly wounded.
The orc wizard hits you but does no damage.
You hit the orc wizard. Your kick misses the orc wizard.
You punch the orc wizard, but do no damage.
The orc wizard is moderately wounded.
The orc barely misses you. The orc hits you with a hand axe.
You punch the orc wizard!
The orc wizard is severely wounded.
The orc wizard hits you but does no damage.
The orc hits you but does no damage. The orc closely misses you.
You hit the orc wizard. You claw the orc wizard.
The orc wizard is almost dead.
The orc wizard casts a spell.
The orc wizard seems to speed up.
The orc hits you with a hand axe! The orc barely misses you.
You are too injured to fight recklessly!
You are too injured to fight recklessly!
You are too injured to fight recklessly!
You are too injured to fight recklessly!
The orc wizard casts a spell.
The orc wizard flickers and vanishes!
Deactivating autopickup; reactivate with Ctrl-A.
You hear some strange, mumbled words.
A puff of flame appears from out of thin air!
The puff of flame hits you!
You hear some strange, mumbled words.
A puff of flame appears from out of thin air!
The puff of flame hits you!
You die...

#####.. #.......#
.......###.......#
..........)...$..#
...)......o.o..#
.......#o######
##.%..o#.. #.....#.#
########### #.....#.#
#....<..... #..(.@#.#
#.#####.### #.....#.#
#.......#
#####...####.#.....#.#
#................#
#...#.............
#####...# ##.#########
#......>#.## #....
#.###...#.# #.###
#.#.#.# #.#..


You could see 3 orcs.

Action                   |  1- 3 |  4- 6 || total
-------------------------+-------+-------++-------
Melee: Unarmed           |    92 |    45 ||   137
 Stab: Sleeping          |     8 |     3 ||    11
  Eat: Chunk             |     3 |     3 ||     6

Notes
Turn   | Place    | Note
--------------------------------------------------------------
     0 | D:1      | Duffy the Tengu Monk began the quest for the Orb.
     0 | D:1      | Reached XP level 1. HP: 14/14 MP: 2/2
   339 | D:1      | Reached XP level 2. HP: 14/19 MP: 3/3
   553 | D:1      | Reached skill level 5 in Unarmed Combat
   848 | D:1      | Reached XP level 3. HP: 16/23 MP: 4/4
  1842 | D:2      | Reached skill level 6 in Unarmed Combat
  1842 | D:2      | Reached XP level 4. HP: 12/28 MP: 5/5
  2877 | D:3      | Killed from afar by an orc wizard

Vault maps used:
D:1:      dpeg_arrival_chambers_temple_mockup, minmay_lizard_king
D:2:      minmay_misc_feat_chi
D:3:      zin_academy

Vanquished Creatures
  3 adders
  4 oozes
  A worm
  2 giant geckos
  An orc
  A ball python
  5 giant cockroaches
  6 goblins
  2 hobgoblins
  4 kobolds
  A quokka
  4 bats
  11 giant newts
  5 rats
50 creatures vanquished.
